 Dungeon Crawl Stone Soup version 0.30.0-30-g96aa6591b8 (webtiles) character file.

Game seed: 9857806038328324772

2 Ayven the Shield-Bearer (level 1, 0/11 HPs)
             Began as a Vine Stalker Fighter on June 27, 2023.
             Slain by an adder (1 damage)
             ... on level 2 of the Dungeon.
             The game lasted 00:00:49 (45 turns).

Ayven the Shield-Bearer (Vine Stalker Fighter)        Turns: 45, Time: 00:00:49

Health: 0/11       AC:  6    Str: 18    XL:     1   Next: 40%
Magic:  0/2        EV:  9    Int:  8    God:
Gold:   0          SH:  4    Dex: 13    Spells: 0/0 levels left

rFire   . . .        a - +0 long sword
rCold   . . .        c - +0 buckler
rNeg    . . .        b - +0 scale mail
rPois   .            (no helmet)
rElec   .            (no cloak)
rCorr   .            (no gloves)
SInv    .            (no boots)
Will    .....        (no amulet) Stlth
                     (no ring)
HPRegen 0.21/turn    (no ring)
MPRegen 0.08/turn

%: guardian spirit
@: lethally poisoned (0 -> -4)
A: fangs 2, magic shield, antimagic bite, no potion heal 2
a: no special abilities


You were on level 2 of the Dungeon.
You visited 1 branch of the dungeon, and saw 2 of its levels.

Inventory:

Hand Weapons
 a - a +0 long sword (weapon)
Armour
 b - a +0 scale mail (worn)
 c - a +0 buckler (worn)
Potions
 d - a potion of might


   Skills:
 - Level 2.6 Fighting
 - Level 1.7 Long Blades
 + Level 2.5 Armour
 * Level 0.5 Stealth
 - Level 2.6 Shields


You couldn't memorise any spells.
You didn't know any spells.
Your spell library was empty.

Dungeon Overview and Level Annotations

Branches:
Dungeon (2/15)

Altars:


Innate Abilities, Weirdness & Mutations

You have extremely sharp teeth.
When hurt, damage is shared between your health and your magic reserves.
Your bite disrupts and absorbs the magic of your enemies.
Potions cannot restore your health.


Message History

You slide downwards.
The hatch slams shut behind you.
An endoplasm comes into view.
The endoplasm quivers.
You slash the endoplasm!
You kill the endoplasm!
Found 10 gold pieces.
A goblin comes into view. It is wielding a +0 dagger.
Found a stone staircase leading up.
The goblin shouts!
Found 8 gold pieces.
The goblin hits you but does no damage.
You barely miss the goblin. The goblin barely misses you.
You barely miss the goblin. Your bite misses the goblin.
The goblin hits you with a +0 dagger.
An adder comes into view.
The goblin barely misses you.
The adder hisses angrily.
You slash the goblin!
You kill the goblin!
Things that are here:
a +0 dagger; 5 gold pieces; a goblin corpse You see here 10 gold pieces.
You barely miss the adder. The adder barely misses you. The adder bites you.
You are poisoned.
The adder poisons you!
You closely miss the adder. Your bite misses the adder.
You feel sick. The adder bites you. The adder bites you but does no damage.
You barely miss the adder. Your bite misses the adder.
You feel sick. The adder misses you. The adder bites you but does no damage.
You completely miss the adder.
* * * LOW HITPOINT WARNING * * *
You feel sick. The adder bites you.
You are lethally poisoned!
The adder poisons you! The adder barely misses you.
You miss the adder. You bite the adder. You drain its power.
You feel invigorated.
The adder is moderately wounded.
* * * LOW HITPOINT WARNING * * *
You feel sick. The adder bites you.
You die...

# .# #############.#
..............#.#
##+#+##......##.....#
#....................
#.............#
#....)........#
#...@..######.#
#.<.S..# #.# #......#
#.# #......# #.#
+......# #.# #......#
#.# #$.....######.#
..............#
#.#####....#


You could see an adder.

Vanquished Creatures
  An endoplasm (D:2)
  A goblin (D:2)
2 creatures vanquished.

Notes
Turn   | Place    | Note
-------+----------+-------------------------------------------
     0 | D:1      | Ayven the Vine Stalker Fighter began the quest for the Orb.
     0 | D:1      | Reached XP level 1. HP: 11/11 MP: 2/2
    45 | D:2      | Slain by an adder

Illustrated notes

Levels and vault maps discovered:
D:1:      dpeg_arrival_leaves_temple_mockup, layout_basic
D:2:      minmay_skewed_foursquare, layout_basic, serial_shops, shop_fountains,
          chequers_garden

Action                     || total
---------------------------++-------
  Melee: Long sword        ||     9
         Bite              ||     1
 Armour: Scale mail        ||     3
  Dodge: Dodged            ||     5
